 Dungeon Crawl Stone Soup version 0.30.1-10-g1249ef9ec4 (webtiles) character file.

Game seed: 4118496679387243016

285 lonewolfV2 the Covered (level 6, 0/48 HPs)
             Began as a Demonspawn Fighter on Oct 26, 2023.
             Killed by divine providence
             ... invoked by an orc priest
              (14 damage)
             ... on level 4 of the Dungeon.
             The game lasted 00:05:44 (2995 turns).

lonewolfV2 the Covered (Demonspawn Fighter)         Turns: 2995, Time: 00:05:45

Health: 0/48       AC: 15    Str: 19    XL:     6   Next: 7%
Magic:  6/6        EV: 13    Int:  9    God:
Gold:   165        SH:  4    Dex: 12    Spells: 5/5 levels left

rFire   . . .        a - +1 war axe
rCold   . . .        c - +0 buckler
rNeg    . . .        f - +0 chain mail
rPois   +            r - +0 helmet
rElec   .            (no cloak)
rCorr   .            (no gloves)
SInv    .            x - +2 pair of boots
Will    .....        (no amulet) Stlth
                     l - +5 ring of evasion
HPRegen 0.28/turn    m - ring of poison resistance
MPRegen 0.10/turn

%: no passive effects
@: mighty, flying
A: powered by death 1, sharp scales 2, weakness stinger 1
a: no special abilities


You were on level 4 of the Dungeon.
You visited 1 branch of the dungeon, and saw 4 of its levels.

You collected 165 gold pieces.

Inventory:

Hand Weapons
 a - a +1 war axe (weapon)
Armour
 c - a +0 buckler (worn)
 f - a +0 chain mail (worn)
 r - a +0 helmet (worn)
 x - a +2 pair of boots (worn)
Jewellery
 l - a +5 ring of evasion (left hand)
 m - a ring of poison resistance (right hand)
Scrolls
 g - 2 scrolls of vulnerability
 j - a scroll of teleportation
 v - a scroll of enchant weapon
Potions
 d - a potion of might
 e - 2 potions of mutation
 h - a potion of attraction
 i - a potion of haste
 k - a potion of degeneration
 q - a potion of lignification


   Skills:
 - Level 3.8 Fighting
 - Level 2.9 Axes
 + Level 3.9 Armour
 * Level 2.6 Dodging
 - Level 3.3 Shields


You had 5 spell levels left.
You didn't know any spells.
Your spell library contained the following spells:

 Spells                   Type           Power      Damage    Failure   Level
 Hailstorm                Conj/Ice       0%         3d3       100%        3
 Ice Form                 Ice/Tmut       0%         N/A       100%        4
 Simulacrum               Ice/Necr       0%         N/A       100%        6


Dungeon Overview and Level Annotations

Branches:
Dungeon (4/15)
 Temple: D:4-7

Altars:
Kikubaaqudgha

Shops:
D:1 =   D:2 (([(:


Innate Abilities, Weirdness & Mutations

You regenerate a little health from kills.
You are mostly covered in razor-sharp scales. (AC +2, Slay +2)
You have a small tail.


Message History

The orc warrior is severely wounded.
The orc warrior completely misses you.
The orc priest calls upon Beogh to heal the orc warrior.
The orc warrior is healed somewhat.
The orc warrior hits you with a +0 glaive.
You feel very mighty all of a sudden. The orc warrior misses you.
You slice the orc warrior!!
You kill the orc warrior!
The orc priest mumbles some strange prayers to Beogh against you.
Beogh smites you!
* * * LOW HITPOINT WARNING * * *
Your Dodging skill increases to level 2!
You have reached level 6!
Your demonic ancestry asserts itself...
Sharp scales spread over more of your body.
The orc priest invokes the aid of Beogh against you.
Pain shoots through your body!
* * * LOW HITPOINT WARNING * * *
It was a potion of flight.
You feel very buoyant.
You fly up into the air.
It was a potion of curing.
You feel better.
The orc wizard casts a spell.
The orc wizard flickers and vanishes!
Deactivating autopickup; reactivate with Ctrl-A.
Okay, then.
You barely miss the orc priest. The orc priest misses you.
You closely miss the orc priest. You tail-slap the orc priest.
The orc priest is moderately wounded.
The orc priest barely misses you.
The orc priest hits you but does no damage.
You closely miss the orc priest.
The orc priest is moderately wounded.
The orc priest hits you but does no damage.
You closely miss the orc priest.
The orc priest is moderately wounded.
The orc priest calls down the wrath of Beogh upon you.
Beogh smites you!
You die...

##....#.##
##..###..#
#..## ##.#
#.## #.# #.#
#.##
####.######..#
#.....)......#
#.###.....##.#
#. ####.###@#
#. ### #o# #.
.###..#)## .
..(o(.oo.#
8..#8.#..#
$...##..#
##... #..#
...# #..# ##.
#...


You could see an orc priest and 2 orcs.

Vanquished Creatures
  An orc warrior (D:4)
  A sleepcap (D:4)
  An orc wizard (D:3)
  Robin (D:3)
  3 gnolls (D:3)
  An adder (D:2)
  A worm (D:3)
  11 orcs
  7 ball pythons
  6 endoplasms
  15 goblins
  9 hobgoblins
  7 jackals
  2 quokkas
  6 bats
  4 frilled lizards
  4 kobolds
  A rat (D:3)
81 creatures vanquished.

Notes
Turn   | Place    | Note
-------+----------+-------------------------------------------
     0 | D:1      | lonewolfV2 the Demonspawn Fighter began the quest for the
                  | Orb.
     0 | D:1      | Reached XP level 1. HP: 18/18 MP: 1/1
   481 | D:1      | Found Anumpesi's Jewellery Shop.
   894 | D:2      | Found Lacrimuy's Weapon Shoppe.
   897 | D:2      | Gained mutation: You have a small tail. [demonic ancestry]
   897 | D:2      | Reached XP level 2. HP: 14/24 MP: 2/2
  1099 | D:2      | Found Iteor's Book Boutique.
  1137 | D:2      | Found Ebaesaoth's Armour Shop.
  1138 | D:2      | Found Ciosoel's Antique Weapon Shop.
  1223 | D:2      | Gained mutation: You regenerate a little health from kills.
                  | [demonic ancestry]
  1223 | D:2      | Reached XP level 3. HP: 27/29 MP: 3/3
  1284 | D:2      | Found Quwo's Weapon Shoppe.
  1368 | D:2      | Found a faded altar of an unknown god.
  1940 | D:3      | Found an ancient bone altar of Kikubaaqudgha.
  2095 | D:3      | Reached XP level 4. HP: 36/36 MP: 4/4
  2483 | D:3      | Gained mutation: You are partially covered in razor-sharp
                  | scales. (AC +1, Slay +1) [demonic ancestry]
  2483 | D:3      | Reached XP level 5. HP: 42/42 MP: 5/5
  2497 | D:3      | Reached skill level 1 in Dodging
  2541 | D:3      | Noticed Robin
  2553 | D:3      | Killed Robin
  2975 | D:4      | Noticed an orc warrior
  2988 | D:4      | Killed an orc warrior
  2989 | D:4      | Gained mutation: You are mostly covered in razor-sharp
                  | scales. (AC +2, Slay +2) [demonic ancestry]
  2989 | D:4      | Reached XP level 6. HP: 14/48 MP: 6/6
  2989 | D:4      | HP: 1/48 [orc priest/nerve-wracking pain (13)]
  2995 | D:4      | Killed from afar by an orc priest

Illustrated notes

Levels and vault maps discovered:
D:1:      minmay_arrival_up_and_down, layout_basic, serial_shops, shop
D:2:      layout_basic, shapermc_ecumenical_altar_starsandcircs, serial_shops,
          shop, shop, nicolae_shop_crystal, nicolae_shop_tiny_waterfront,
          nicolae_shop_stone, hex_large
D:3:      kennysheep_goblin_castle, layout_loops_ring, lemuel_tele_altar,
          uniq_robin
D:4:      layout_loops_ring, lemuel_coloured_pillars_altar,
          guppyfry_early_orc_mine

Skill      XL: |  1  2  3  4  5 |
---------------+----------------+-----
Axes           | 2 |  2.9
Armour         | 3 |  3.9
Shields        | 3 |  3.3
Dodging        | 2 |  2.6
Fighting       | |  3.8

Action                     |  1- 3 |  4- 6 || total
---------------------------+-------+-------++-------
  Melee: War axe           |    80 |    81 ||   161
         Tailslap          |     5 |     6 ||    11
    Use: Scroll            |     7 |     7 ||    14
         Potion            |       |     3 ||     3
 Armour: Scale mail        |    40 |     1 ||    41
         Chain mail        |       |    45 ||    45
  Dodge: Dodged            |    42 |    94 ||   136
  Block: Buckler           |    17 |    23 ||    40
